[Event "Early-Titled-Tuesday-Blitz-January-23-2024"]
[Site "Chess.com"]
[Date "2024.01.23"]
[Round "9"]
[White "NewYearGirl"]
[Black "Lion-Al-Messi"]
[Result "0-1"]
[WhiteElo "2368"]
[BlackElo "2568"]
[TimeControl "180+1"]
[EndTime "9:44:53 PST"]
[Termination "Lion-Al-Messi won by resignation"]

1. e4 c5 2. Nf3 e6 3. d4 cxd4 4. Nxd4 a6 5. c4 Nf6 6. Bd3 Nc6 7.
Be3 Bb4+ 8. Nc3 O-O 9. Kf1 Ne5 10. Be2 b5 11. cxb5 axb5 12. f3 Bb7 13. Ndxb5 d5 14.
exd5 Nxd5 15. Bd4 Nc6 16. Bf2 Ba6 17. a4 Qg5 18. Qc1 Qg6 19. Nxd5 exd5 20. h4 h5 21. Qg5 Qe6 22. Qxh5 Rfe8 23. Bd3 g6 24. Qh6 Ne5 25. Nc7 Bxd3+ 26. Kg1 Qf5 27. Nxa8 Rxa8 28. h5 g5 29. Bd4 Re8 30. Rh3 Qf4 31. Bf2 f6 32. Rd1 Nf7 33. g3 Qxf3 34. Rxd3 Re1+ 35. Bxe1 Bc5+ 36. Kh2 Qe2+ 37.
Kh1 Qf1+ 0-1

[Event "Early-Titled-Tuesday-Blitz-January-23-2024"]
[Site "Chess.com"]
[Date "2024.01.23"]
[Round "9"]
[White "Better_Chess_Faster"]
[Black "AndresDelgado77"]
[Result "1-0"]
[WhiteElo "2153"]
[BlackElo "2380"]
[TimeControl "180+1"]
[EndTime "9:44:54 PST"]
[Termination "Better_Chess_Faster won on time"]

1. d4 Nf6 2. Bg5 d5 3. e3 Ne4 4.
Bf4 c5 5. Bd3 Qb6 6. Qc1 cxd4 7.
Nf3 e5 8. Bxe5 dxe3 9. fxe3 Nc6 10. O-O Nxe5 11. Nxe5 Bc5 12. Kh1 Bxe3 13. Qe1 Bf2 14. Bb5+ Kf8 15. Qb4+ Bc5 16. Rxf7+ Kg8 17. Qb3 Be6 18.
Nc3 1-0

[Event "Early-Titled-Tuesday-Blitz-January-23-2024"]
[Site "Chess.com"]
[Date "2024.01.23"]
[Round "9"]
[White "Roedor"]
[Black "FMCarmona"]
[Result "1-0"]
[WhiteElo "2295"]
[BlackElo "2165"]
[TimeControl "180+1"]
[EndTime "9:44:56 PST"]
[Termination "Roedor won by resignation"]

1. c4 e5 2. Nc3 Nc6 3. g3 Nf6 4. Bg2 Bc5 5. a3 a6 6. e3 O-O 7. Nge2 Re8 8. O-O d6 9. d4 Ba7 10. b4 Rb8 11. Bb2 Bg4 12. h3 Bh5 13. g4 Bg6 14. c5 exd4 15. exd4 Ne4 16. Nxe4 Bxe4 17. Ng3 Bxg2 18. Kxg2 Ne7 19. Qf3 b6 20. Rad1 Ng6 21. Nf5 Qf6 22. Nh6+ Kf8 23. Qxf6 gxf6 24. cxd6 cxd6 25.
d5 Ne5 26. f4 Nc4 27. Bd4 Ne3+ 28. Bxe3 Rxe3 29. Nf5 Rxa3 30. Nxd6 b5 31. Nf5 Ra2+ 32. Kf3 Rd8 33. d6 Rd7 34. Rd3 Rc2 35. Ra1 Rc6 36. Ke4 Rc4+ 37. Kd5 Rxb4 38. Rxa6 Ra4 39. Rxa4 bxa4 40.
Kc6 1-0

[Event "Early-Titled-Tuesday-Blitz-January-23-2024"]
[Site "Chess.com"]
[Date "2024.01.23"]
[Round "9"]
[White "ATM622"]
[Black "LileKoridze"]
[Result "1-0"]
[WhiteElo "2496"]
[BlackElo "2312"]
[TimeControl "180+1"]
[EndTime "9:44:57 PST"]
[Termination "ATM622 won by resignation"]

1. d4 Nf6 2. c4 e6 3. g3 d5 4. Bg2 Bb4+ 5. Nd2 O-O 6. Qc2 b6 7. Nf3 Bb7 8. O-O Nbd7 9. Rd1 Rc8 10. b3 c5 11. Bb2 cxd4 12. Nxd4 Ba8 13. Rac1 Qe7 14.
Qb1 Bxd2 15. Rxd2 Nc5 16. cxd5 Bxd5 17. Bxd5 Nxd5 18. e4 Nf6 19. f3 Rfd8 20. Rcd1 h6 21. Ba3 Qe8 22. Kg2 Nfd7 23. Nb5 Qe7 24. Nxa7 Rc7 25.
Nb5 Rcc8 26. Nd6 Rc6 27. b4 Na4 28. b5 Nc3 29. Qd3 Ne5 30. Qd4 Nxd1 31. bxc6 Nxc6 32. Qxb6 Ne3+ 33. Qxe3 1-0

[Event "Early-Titled-Tuesday-Blitz-January-23-2024"]
[Site "Chess.com"]
[Date "2024.01.23"]
[Round "9"]
[White "pr1105"]
[Black "martinmena"]
[Result "1-0"]
[WhiteElo "2276"]
[BlackElo "2055"]
[TimeControl "180+1"]
[EndTime "9:44:57 PST"]
[Termination "pr1105 won on time"]

1. e4 c6 2. d4 d5 3. Nd2 dxe4 4. Nxe4 Nd7 5. Nf3 Ngf6 6. Neg5 e6 7. Bd3 h6 8. Nxe6 fxe6 9. Bg6+ Ke7 10. O-O Nb6 11.
Qe2 Qd6 12. c4 c5 13. b4 cxd4 14. c5 Qd5 15. cxb6 Bd7 16. a4 axb6 17. b5 Kd8 18. Ne5 Bxb5 19. Nf7+ Kc8 20. axb5 Rxa1 21. Nxh8 Bd6 22.
Nf7 Kd7 23. Nxd6 Kxd6 24. Bf4+ e5 25. Bxe5+ Qxe5 26. Qxe5+ Kxe5 27. Rxa1 Nd5 28. Kf1 Nc3 29. Bd3 Kd5 30. g4 Kc5 31. h4 Nd5 32. Rc1+ Kb4 33. Ke2 Nf4+ 34. Kd2 Ng2 35. h5 Nh4 36. Be4 Kxb5 37.
Rh1 1-0

[Event "Early-Titled-Tuesday-Blitz-January-23-2024"]
[Site "Chess.com"]
[Date "2024.01.23"]
[Round "9"]
[White "tptagain"]
[Black "ChessQueen"]
[Result "0-1"]
[WhiteElo "2915"]
[BlackElo "2743"]
[TimeControl "180+1"]
[EndTime "9:44:58 PST"]
[Termination "ChessQueen won on time"]

1. Nf3 d5 2. d4 Nf6 3. e3 g6 4. c4 Bg7 5. cxd5 Nxd5 6. e4 Nb6 7. h3 O-O 8. Nc3 c5 9. Be3 cxd4 10. Nxd4 Bd7 11. Be2 Nc6 12. Nb3 Ne5 13. Bd4 Rc8 14. O-O Nec4 15. Bxg7 Kxg7 16. Bxc4 Nxc4 17. Qe2 Qc7 18.
Nd5 Qe5 19. Rab1 e6 20. f4 Qd6 21. Nc3 Qb6+ 22. Kh2 Qe3 23. Qxe3 Nxe3 24. Rf2 Nc4 25. Rd1 Rfd8 26. e5 Be8 27. Rxd8 Rxd8 28. Ne4 Rd1 29.
Nf6 Bc6 30. Nc5 Ne3 31. Kg3 h5 32. Nce4 Nf5+ 33. Kh2 Re1 34. Nd2 h4 35. Nf1 Bb5 36.
Nd2 Ng3 0-1

[Event "Early-Titled-Tuesday-Blitz-January-23-2024"]
[Site "Chess.com"]
[Date "2024.01.23"]
[Round "9"]
[White "artooon"]
[Black "eljanov"]
[Result "1-0"]
[WhiteElo "2992"]
[BlackElo "2883"]
[TimeControl "180+1"]
[EndTime "9:44:59 PST"]
[Termination "artooon won by resignation"]

1. e4 c6 2. d4 d5 3. e5 Bf5 4. g4 Be4 5. f3 Bg6 6. e6 fxe6 7. h4 Qd6 8. h5 Qg3+ 9. Ke2 Bf7 10. Nh3 e5 11. Rg1 Qh2+ 12. Bg2 Nf6 13. Kf2 exd4 14.
Bf4 Qxf4 15. Nxf4 e5 16. Re1 Nbd7 17. Nd3 Bd6 18. Nxe5 Nxe5 19. f4 O-O 20. fxe5 Nxg4+ 21. Kg1 Nxe5 22. Qxd4 Nd7 23. Qh4 Nf6 24. h6 Nh5 25. Qg4 Bc5+ 26. Kh1 Bf2 27. Re7 Rae8 28. Rxe8 Rxe8 29.
Nd2 Re2 30. Nf3 Be6 31. Qxh5 1-0

[Event "Early-Titled-Tuesday-Blitz-January-23-2024"]
[Site "Chess.com"]
[Date "2024.01.23"]
[Round "9"]
[White "Piotrek1979"]
[Black "R2D2PTY"]
[Result "1-0"]
[WhiteElo "2409"]
[BlackElo "2263"]
[TimeControl "180+1"]
[EndTime "9:44:59 PST"]
[Termination "Piotrek1979 won on time"]

1. Nf3 Nf6 2. g3 e6 3. Bg2 d5 4. O-O Be7 5. c4 O-O 6. b3 d4 7. e3 c5 8. exd4 cxd4 9. Re1 Nc6 10. a3 a5 11. d3 Re8 12. Bg5 h6 13. Bxf6 Bxf6 14. Nbd2 e5 15. c5 Be6 16. Qc2 g5 17. Nc4 Bxc4 18. Qxc4 Bg7 19. Nd2 Rc8 20. Bh3 Rc7 21.
b4 axb4 22. axb4 Ne7 23. Ne4 Nd5 24. Nd6 Qxd6 25. cxd6 Rxc4 26. dxc4 Nxb4 27. c5 Nd3 28. Reb1 Nxc5 29. Ra5 Ne4 30. Rxb7 Nxd6 31. Rd7 Nc4 32. Rc5 Nd2 33. Rcc7 Rf8 34. Be6 Nf3+ 35. Kg2 Ne1+ 36. Kf1 Nf3 37. Rxf7 1-0

[Event "Early-Titled-Tuesday-Blitz-January-23-2024"]
[Site "Chess.com"]
[Date "2024.01.23"]
[Round "9"]
[White "Msb2"]
[Black "GothamChess"]
[Result "0-1"]
[WhiteElo "3033"]
[BlackElo "2772"]
[TimeControl "180+1"]
[EndTime "9:45:00 PST"]
[Termination "GothamChess won by checkmate"]

1. d4 g6 2. c4 Bg7 3. e4 Nc6 4. Nf3 e5 5. Bg5 f6 6. Be3 Nh6 7. h3 d6 8. Nc3 f5 9. Bg5 Qd7 10.
Nd5 O-O 11. dxe5 fxe4 12. Nd2 Qf5 13. Be3 Qxe5 14. Be2 Nf5 15. Bf4 Qxb2 16. Rb1 Qxa2 17.
O-O Nfd4 18. Nxc7 Rxf4 19. Nxa8 Qa5 20. Nb3 Qg5 21. Kh2 Be5 22. g3 Rxf2+ 23. Rxf2 Qxg3+ 24. Kh1 Qxf2 25. Qg1 Qxe2 26. Qg2 Qd3 27. Nd2 e3 28. Qf1 e2 29. Qg2 Qxd2 30. Qf2 Bf5 31. Re1 Be4+ 32. Kg1 Nf3+ 33. Qxf3 Bxf3 34. Kf2 Bd4+ 35. Kxf3 Qxe1 36.
Nc7 Qf2+ 37. Ke4 e1=Q+ 38. Kd5 Qf3+ 39. Kxd6 Qe5+ 40. Kd7 Qf7+ 41. Kc8 Qexc7# 0-1

[Event "Early-Titled-Tuesday-Blitz-January-23-2024"]
[Site "Chess.com"]
[Date "2024.01.23"]
[Round "9"]
[White "alexrustemov"]
[Black "kingofthenil"]
[Result "0-1"]
[WhiteElo "2882"]
[BlackElo "2707"]
[TimeControl "180+1"]
[EndTime "9:45:01 PST"]
[Termination "kingofthenil won on time"]

1. d4 d6 2. e4 Nf6 3. f3 e5 4. Ne2 exd4 5. Nxd4 g6 6. c4 Bg7 7. Nc3 O-O 8. Be3 Re8 9. Qd2 c6 10. O-O-O Na6 11. Nb3 Nd7 12. Qxd6 Be5 13. Qd2 Qf6 14.
Bd4 Bxd4 15. Qxd4 Ne5 16. Be2 Be6 17. Nd2 Red8 18. Qe3 Nb4 19. Kb1 Ned3 20. Bxd3 Rxd3 21. Qc5 Na6 22. Qf2 Rad8 23. Nb3 Bxc4 24. Qxa7 Nb4 25.
Qf2 Bxb3 26. axb3 Qxc3 27. bxc3 Rxd1+ 28. Kb2 Nd3+ 0-1

[Event "Early-Titled-Tuesday-Blitz-January-23-2024"]
[Site "Chess.com"]
[Date "2024.01.23"]
[Round "9"]
[White "BashiqChess"]
[Black "TheNextLevelFan"]
[Result "1/2-1/2"]
[WhiteElo "2464"]
[BlackElo "2562"]
[TimeControl "180+1"]
[EndTime "9:45:04 PST"]
[Termination "Game drawn by repetition"]

1. d4 d5 2. Bf4 Nf6 3. e3 e6 4.
Nf3 Bd6 5. Ne5 O-O 6. Nd2 c5 7. c3 b6 8. Bd3 Bb7 9. O-O Nc6 10.
Qe2 Qc7 11. Nxc6 Bxf4 12. exf4 Bxc6 13. g3 Rae8 14. Nf3 Nd7 15. Ne5 Nxe5 16. fxe5 f5 17. exf6 Rxf6 18. f4 Ref8 19. Rae1 Bd7 20. Bb5 Bc8 21.
Qe5 Qxe5 22. Rxe5 Rf5 23. Rfe1 Rxe5 24. Rxe5 g6 25. Bf1 Kf7 26. Bh3 Bd7 27. Kf2 cxd4 28.
cxd4 Rc8 29. Re2 Rc1 30. Re1 Rc2+ 31. Re2 Rc1 32. a3 Ke7 33. Re1 Rc2+ 34. Re2 Rc1 35. Bg4 Kd6 36. h4 b5 37. Re1 Rc2+ 38. Re2 Rc1 39.
Re1 Rc2+ 40. Re2 Rc1 1/2-1/2

[Event "Early-Titled-Tuesday-Blitz-January-23-2024"]
[Site "Chess.com"]
[Date "2024.01.23"]
[Round "9"]
[White "Meri-Arabidze"]
[Black "BilodeauA"]
[Result "0-1"]
[WhiteElo "2728"]
[BlackElo "2939"]
[TimeControl "180+1"]
[EndTime "9:45:05 PST"]
[Termination "BilodeauA won by resignation"]

1. Nf3 d5 2. b3 Bf5 3. Bb2 e6 4. g3 h6 5. Bg2 Nf6 6. O-O Be7 7. c4 c6 8. d3 O-O 9. Nbd2 Bh7 10. Rc1 a5 11. a3 Nbd7 12. Rc2 Bd6 13. Qa1 Re8 14. Ne5 Nxe5 15. Bxe5 Qe7 16. Bxd6 Qxd6 17. Rfc1 Nd7 18.
Qb2 Bg6 19. b4 axb4 20. axb4 Ra4 21. c5 Qc7 22. b5 Rea8 23. Nf3 e5 24. Nh4 Bh7 25.
e4 d4 26. Nf5 Bxf5 27. exf5 R8a5 28. bxc6 bxc6 29. f6 Rb5 30. Qxb5 cxb5 31. fxg7 Ra3 32.
c6 Nb6 33. Be4 Kxg7 34. Rc5 b4 35. Rb5 Rc3 36. Rb1 Rxc6 37. Bxc6 Qxc6 38. R1xb4 Nd5 39. Rb2 Nc3 40. Rxe5 Qd6 41. f4 Qa6 42. Rd2 Qa1+ 43. Kg2 Qc1 44. Rf2 Nd1 45. f5 Nxf2 46. Kxf2 Qd2+ 0-1

[Event "Early-Titled-Tuesday-Blitz-January-23-2024"]
[Site "Chess.com"]
[Date "2024.01.23"]
[Round "9"]
[White "tusplingher"]
[Black "NovozhilovSemen"]
[Result "1-0"]
[WhiteElo "2514"]
[BlackElo "2643"]
[TimeControl "180+1"]
[EndTime "9:45:06 PST"]
[Termination "tusplingher won by resignation"]

1. e4 c5 2. Nf3 Nc6 3. Bb5 g6 4.
Bxc6 bxc6 5. d4 cxd4 6. Qxd4 f6 7. c4 d6 8. Nc3 Nh6 9. O-O c5 10. Qd3 Bg7 11. Be3 Nf7 12. Rad1 O-O 13. h3 Qa5 14. Nd5 Re8 15. Bd2 Qd8 16. Bc3 Bb7 17. Rfe1 Ne5 18.
Nxe5 dxe5 19. Qe3 Qc8 20. Ba5 Rb8 21. Nc7 Rf8 22. Qxc5 Rf7 23. Rd2 e6 24. Qd6 Bh6 25. Rd3 Kh8 26. Nxe6 Bc6 27. Nd8 Rd7 28. Qxc6 Qxc6 29.
Nxc6 Rxd3 30. Nxb8 1-0

[Event "Early-Titled-Tuesday-Blitz-January-23-2024"]
[Site "Chess.com"]
[Date "2024.01.23"]
[Round "9"]
[White "K_A_S_T_O_R"]
[Black "ChainedDowntohell"]
[Result "1-0"]
[WhiteElo "2890"]
[BlackElo "2590"]
[TimeControl "180+1"]
[EndTime "9:45:09 PST"]
[Termination "K_A_S_T_O_R won on time"]

1. e4 c6 2. d4 a6 3. c4 d5 4.
cxd5 cxd5 5. e5 Nc6 6. Nc3 Bf5 7. Be3 e6 8. Bd3 Nge7 9. Nge2 h6 10. Ng3 Bxd3 11.
Qxd3 Na5 12. b3 Nec6 13. O-O Rc8 14. f4 g6 15. Nge2 h5 16. g3 Ba3 17. Rab1 b5 18. h3 Qe7 19. Kg2 Kd7 20. Bc1 Rc7 21. Bxa3 Qxa3 22. Qd2 Kc8 23. Rbc1 Kb7 24. Nb1 Qb4 25.
Rc3 Rhc8 26. Rfc1 Qe7 27. R3c2 Kb6 28. Kf2 Na7 29. Rxc7 Rxc7 30. Nbc3 Rc6 31. Nd1 Qa3 32. Ndc3 Kb7 33. g4 hxg4 34. hxg4 b4 35. Nb1 Rxc1 36. Nxc1 1-0

[Event "Early-Titled-Tuesday-Blitz-January-23-2024"]
[Site "Chess.com"]
[Date "2024.01.23"]
[Round "9"]
[White "Glidzhian_Gor"]
[Black "tolimachess"]
[Result "1-0"]
[WhiteElo "2581"]
[BlackElo "2468"]
[TimeControl "180+1"]
[EndTime "9:45:09 PST"]
[Termination "Glidzhian_Gor won by checkmate"]

1. d4 Nf6 2. Bg5 e6 3. Nc3 d5 4. e4 Be7 5. Bxf6 Bxf6 6. Nf3 dxe4 7. Nxe4 O-O 8. Bd3 Bxd4 9. c3 Bf6 10. Qc2 g6 11.
O-O-O Qe7 12. h4 h5 13. Neg5 Bg7 14. Bxg6 fxg6 15. Qxg6 Rf6 16. Qh7+ Kf8 17. Ne5 Nc6 18. Ng6+ Rxg6 19. Qxg6 e5 20. Qxh5 Bf5 21. g4 Be6 22. Rh3 Qe8 23. Qh7 Qe7 24. Rf3+ Bf6 25. Qh8+ Bg8 26. Rxf6+ Qxf6 27. Qxf6+ Ke8 28. Qg6+ Kf8 29. Qf6+ Ke8 30. h5 Rd8 31. Rxd8+ Nxd8 32. h6 c5 33. Qxe5+ Kf8 34. Qg7+ Ke8 35. Qxg8+ Kd7 36. Qxd8+ Kxd8 37. h7 Kc7 38. h8=Q Kb6 39. Qe5 a5 40. Ne4 Ka6 41.
Qxc5 b6 42. Qc4+ Kb7 43. Nd6+ Ka7 44. Qc8 b5 45. Qb7# 1-0

[Event "Early-Titled-Tuesday-Blitz-January-23-2024"]
[Site "Chess.com"]
[Date "2024.01.23"]
[Round "9"]
[White "Egorov_Pavel"]
[Black "RodokininEV"]
[Result "1-0"]
[WhiteElo "2499"]
[BlackElo "2594"]
[TimeControl "180+1"]
[EndTime "9:45:10 PST"]
[Termination "Egorov_Pavel won by resignation"]

1. d4 Nf6 2. c4 g6 3. Nc3 Bg7 4.
e4 d6 5. Nf3 O-O 6. Be2 Bg4 7.
O-O Nfd7 8. Be3 Nc6 9. d5 Bxf3 10. Bxf3 Na5 11. Be2 Bxc3 12. bxc3 e5 13. dxe6 fxe6 14. f4 b6 15. f5 exf5 16. exf5 Qe7 17. Bh6 Rxf5 18.
Rxf5 gxf5 19. Bd3 Ne5 20. Bxf5 Qf7 21. Be4 c6 22. Qd2 Re8 23. Qg5+ Ng6 24. Rf1 Qxf1+ 25. Kxf1 Rxe4 26. Qd8+ Kf7 27. Qxd6 Re6 28. Qd7+ Ne7 29.
Bg5 Nxc4 30. Qd3 h6 31. Qh7+ Ke8 32. Bxe7 Rxe7 33. Qg8+ Kd7 34. Qxc4 Re6 35. h4 h5 36.
Qd3+ Ke7 37. Qh7+ Kd6 38. Qxh5 c5 39. Qg5 Re5 40. Qd8+ Kc6 41. g4 Re6 42. g5 1-0

[Event "Early-Titled-Tuesday-Blitz-January-23-2024"]
[Site "Chess.com"]
[Date "2024.01.23"]
[Round "9"]
[White "Saraisitave"]
[Black "agvega14"]
[Result "1-0"]
[WhiteElo "2302"]
[BlackElo "2158"]
[TimeControl "180+1"]
[EndTime "9:45:10 PST"]
[Termination "Saraisitave won by resignation"]

1. e4 c5 2. Nf3 a6 3. Nc3 e6 4. d4 cxd4 5. Nxd4 Qc7 6. Be2 Nf6 7.
O-O Nc6 8. Kh1 d6 9. f4 Be7 10.
Bf3 Bd7 11. Be3 Rb8 12. Qe1 Rc8 13. Qg3 g6 14. Rae1 b5 15. a3 e5 16. Nxc6 Bxc6 17. fxe5 dxe5 18. Bg5 Ng8 19. Nd5 Bxd5 20. exd5 f6 21.
Bg4 Rd8 22. Be6 Qd6 23. Bd2 Qb6 24. Bb4 a5 25. Bxe7 Kxe7 26. Rxe5 fxe5 27. Qxe5 Nh6 28. Bc8+ 1-0

[Event "Early-Titled-Tuesday-Blitz-January-23-2024"]
[Site "Chess.com"]
[Date "2024.01.23"]
[Round "9"]
[White "Yeritsyaan"]
[Black "DvaHrasta"]
[Result "0-1"]
[WhiteElo "2643"]
[BlackElo "2464"]
[TimeControl "180+1"]
[EndTime "9:45:11 PST"]
[Termination "DvaHrasta won by resignation"]

1. c4 e5 2. Nc3 Nf6 3. e4 Bb4 4. d3 c6 5. Bg5 h6 6. Bh4 O-O 7. Be2 d5 8. cxd5 cxd5 9. exd5 g5 10. Bg3 Nxd5 11. Rc1 Nc6 12. Nf3 Nf4 13. O-O Bxc3 14.
bxc3 Be6 15. Bxf4 exf4 16. Qa4 Qa5 17. Qxa5 Nxa5 18. c4 Rfe8 19. Rfe1 Rad8 20. h3 Nc6 21. Bf1 Kg7 22. Rb1 b6 23. Rb5 f6 24. a4 h5 25. c5 g4 26. Nd2 Nd4 27. Rb4 bxc5 28. Rb7+ Kg6 29. Rxa7 gxh3 30. gxh3 Rg8 31. Kh2 Rb8 32. Nc4 Nf3+ 33. Kh1 Nxe1 34. Nd2 Bd5+ 35. Kh2 Rb2 36. Ne4 Bxe4 37. dxe4 Kh6 0-1

[Event "Early-Titled-Tuesday-Blitz-January-23-2024"]
[Site "Chess.com"]
[Date "2024.01.23"]
[Round "9"]
[White "Smile2005"]
[Black "SpongeBob_03"]
[Result "1-0"]
[WhiteElo "2402"]
[BlackElo "2223"]
[TimeControl "180+1"]
[EndTime "9:45:11 PST"]
[Termination "Smile2005 won by checkmate"]

1. e4 c5 2. Nf3 d6 3. d4 cxd4 4.
Bc4 Nf6 5. e5 dxe5 6. O-O Nc6 7.
Re1 Bg4 8. c3 Bxf3 9. Qxf3 e6 10. Bg5 Be7 11. Bb5 O-O 12. Bxc6 bxc6 13. Qxc6 Rc8 14. Qa4 dxc3 15. Nxc3 Nd5 16. Bxe7 Qxe7 17. Nb5 a6 18. Qxa6 Ra8 19. Qd6 Qxd6 20. Nxd6 Rfd8 21. Nc4 f6 22. b3 Rdc8 23. g3 Rc6 24. a4 Nb4 25. Red1 Nc2 26. Rac1 Nd4 27. Rb1 Nxb3 28. Nxe5 fxe5 29. Rxb3 Rxa4 30. Rd7 Rd4 31. Rb8+ Rc8 32. Rxc8# 1-0

[Event "Early-Titled-Tuesday-Blitz-January-23-2024"]
[Site "Chess.com"]
[Date "2024.01.23"]
[Round "9"]
[White "Barmen_EV"]
[Black "ferdipy"]
[Result "1-0"]
[WhiteElo "2478"]
[BlackElo "2282"]
[TimeControl "180+1"]
[EndTime "9:45:11 PST"]
[Termination "Barmen_EV won on time"]

1. e4 c5 2. c3 Nf6 3. e5 Nd5 4. d4 cxd4 5. Nf3 d6 6. cxd4 Nc6 7. Bc4 Nb6 8. Bxf7+ Kxf7 9. e6+ Kxe6 10. Ng5+ Kd7 11.
Nf7 Qe8 12. Nxh8 g6 13. d5 Ne5 14. a4 a5 15. Qb3 Kc7 16. Na3 Bg7 17. Be3 Ra6 18.
Rc1+ Nc6 19. dxc6 bxc6 20. O-O Bxh8 21. Nb5+ Kb7 22. Nd4 c5 23. Nb5 Bd7 24. Rfd1 Bxb5 25. axb5 Ra8 26. Bxc5 dxc5 27. Rxc5 Rc8 28. Rdc1 Rxc5 29.
Rxc5 Qd7 30. Qf3+ Ka7 31. h4 Bf6 32. Qf4 Kb7 33. Qf3+ Ka7 34. g3 Qd6 35. Rc6 Qd7 36. Qe3 Bd4 37. Qe4 e5 38. Qe2 Nd5 39. Qd2 Qd8 40. Ra6+ Kb7 41. Rxa5 Nb6 42. Ra2 Qc7 43. Qa5 Qd6 44. Qa6+ Kc7 45. b3 e4 46. Rc2+ Kd7 47. Qb7+ Ke6 48. Qxe4+ Kf7 49. Qb7+ Nd7 50. Qc6 Qxg3+ 51. Kf1 Qd3+ 52. Ke1 1-0

[Event "Early-Titled-Tuesday-Blitz-January-23-2024"]
[Site "Chess.com"]
[Date "2024.01.23"]
[Round "9"]
[White "GHANDEEVAM2003"]
[Black "GMWSO"]
[Result "1/2-1/2"]
[WhiteElo "3053"]
[BlackElo "3113"]
[TimeControl "180+1"]
[EndTime "9:45:12 PST"]
[Termination "Game drawn by repetition"]

1. e4 e6 2. d4 d5 3. exd5 exd5 4. Nf3 Bd6 5. Bd3 Nc6 6. O-O Nb4 7. Re1+ Ne7 8. Bb5+ c6 9. Ba4 Bf5 10. Nh4 Be6 11. c3 Na6 12. Bc2 O-O 13. Nd2 Qd7 14.
Ndf3 f6 15. Qd3 g6 16. Bh6 Rfe8 17. Re2 Nf5 18. Bd2 c5 19. Be1 c4 20. Qd1 Nxh4 21. Nxh4 Bg4 22. f3 Rxe2 23. Qxe2 Re8 24. Qf2 Be6 25.
g4 Nc7 26. Bd2 Bxg4 27. fxg4 Qxg4+ 28. Kf1 Qh3+ 29. Kg1 Qg4+ 30. Kf1 Qh3+ 31. Kg1 Qg4+ 1/2-1/2

[Event "Early-Titled-Tuesday-Blitz-January-23-2024"]
[Site "Chess.com"]
[Date "2024.01.23"]
[Round "9"]
[White "jefferyx"]
[Black "ilqar_74"]
[Result "1-0"]
[WhiteElo "3016"]
[BlackElo "2901"]
[TimeControl "180+1"]
[EndTime "9:45:12 PST"]
[Termination "jefferyx won by resignation"]

1. e4 c5 2. Nf3 d6 3. d4 cxd4 4. Qxd4 Nc6 5. Qd3 Nf6 6. Nc3 g6 7. Nd5 Bg7 8. c3 O-O 9. Bg5 Nxd5 10. exd5 Ne5 11. Nxe5 Bxe5 12. Be2 Bf6 13. Be3 Bf5 14.
Qd2 e5 15. dxe6 Bxe6 16. O-O Qc7 17. Bf3 Rfd8 18. Bd5 Bxd5 19. Qxd5 Qc6 20. Rfd1 Qxd5 21. Rxd5 Be7 22. Rad1 f6 23. g4 Kf7 24. f4 b6 25. Kf2 Rac8 26. Kf3 Rc4 27. h4 h6 28. h5 g5 29. Rf5 Ke6 30. Re1 Kd7 31. Bd4 Rf8 32.
Ke4 Ra4 33. a3 Ra5 34. Rxa5 bxa5 35. Kf5 Rg8 36. Bxa7 gxf4 37. Kxf4 d5 38. Be3 Rg5 39. Kf3 Re5 40. Rd1 f5 41. Bf4 Re4 42. Rxd5+ Ke6 43.
Rxf5 Re1 44. Bxh6 Rf1+ 45. Ke4 Rg1 46. Rxa5 Rxg4+ 47. Kf3 Rh4 48. Bf4 Rh3+ 49. Kg2 Rh4 50. Bg3 Rg4 51. Kf3 Rg8 52. h6 Rf8+ 53. Ke4 Rg8 54.
Ra6+ Kf7 55. Be5 Rg4+ 56. Kd5 Rh4 57. b4 Rh5 58. b5 Bg5 59. h7 Rxh7 60. Ra7+ Be7 61.
Bd6 Rh5+ 62. Kc6 1-0

[Event "Early-Titled-Tuesday-Blitz-January-23-2024"]
[Site "Chess.com"]
[Date "2024.01.23"]
[Round "9"]
[White "grzechu96"]
[Black "Statham_01"]
[Result "1-0"]
[WhiteElo "2692"]
[BlackElo "2532"]
[TimeControl "180+1"]
[EndTime "9:45:14 PST"]
[Termination "grzechu96 won by resignation"]

1. e4 e5 2. Nf3 Nf6 3. d4 Nxe4 4.
dxe5 d5 5. Nbd2 Nc6 6. Bd3 Bf5 7. O-O Bc5 8. Qe2 Nxd2 9. Bxd2 Bxd3 10. Qxd3 Qd7 11.
Rfe1 O-O-O 12. c3 h6 13. b4 Bf8 14. a4 g5 15. a5 g4 16. Nd4 Nxd4 17. Qxd4 Kb8 18. e6 fxe6 19. Qxh8 g3 20. hxg3 Bxb4 21. Qd4 Bd6 22. Bf4 h5 23. Bxd6 cxd6 24. Qh4 Rg8 25. Rab1 e5 26. Rb4 Qe8 27. Reb1 b6 28. axb6 a5 29.
R4b2 e4 30. Qf4 Qe6 31. b7 h4 32. gxh4 Qg6 33. g3 a4 34. Rb6 e3 35. Qxd6+ Qxd6 36. Rxd6 e2 37. Re6 a3 38. Rxe2 1-0

[Event "Early-Titled-Tuesday-Blitz-January-23-2024"]
[Site "Chess.com"]
[Date "2024.01.23"]
[Round "9"]
[White "Goffredo_Fofi"]
[Black "brm72"]
[Result "1-0"]
[WhiteElo "2552"]
[BlackElo "2680"]
[TimeControl "180+1"]
[EndTime "9:45:15 PST"]
[Termination "Goffredo_Fofi won by checkmate"]

1. e4 c5 2. d3 Nc6 3. g3 g6 4.
Bg2 Bg7 5. f4 d6 6. Nf3 Nf6 7.
Nc3 O-O 8. O-O Rb8 9. h3 b5 10.
Be3 b4 11. Ne2 a5 12. Rb1 a4 13. b3 axb3 14. axb3 Bb7 15. Qd2 Ra8 16. Rf2 Ra2 17.
f5 Qa5 18. Nf4 Ra1 19. Rxa1 Qxa1+ 20. Kh2 Qb2 21. g4 Ne5 22. Nxe5 Qxe5 23. Kg1 Ra8 24. Rf1 Ra1 25. Rxa1 Qxa1+ 26. Qc1 Qa2 27. Ne2 Nd7 28. Qd1 Qb2 29. Kf1 Ne5 30. d4 cxd4 31. Bxd4 Ba6 32. Bxb2 Nc6 33. Bxg7 Kxg7 34. Kf2 Ne5 35.
Nd4 Kf6 36. Qd2 Kg7 37. g5 Bc8 38. Qf4 Nd7 39. Nc6 Kf8 40. f6 e5 41. Qd2 Kg8 42.
Ne7+ Kf8 43. Nxc8 h5 44. Qxd6+ Kg8 45. Qxd7 h4 46. Qe8+ Kh7 47. Qxf7+ Kh8 48. Qg7# 1-0

[Event "Early-Titled-Tuesday-Blitz-January-23-2024"]
[Site "Chess.com"]
[Date "2024.01.23"]
[Round "9"]
[White "VomDingJetztHer"]
[Black "Chessdreamer2020"]
[Result "0-1"]
[WhiteElo "2427"]
[BlackElo "2551"]
[TimeControl "180+1"]
[EndTime "9:45:15 PST"]
[Termination "Chessdreamer2020 won on time"]

1. e4 c5 2. Nc3 Nc6 3. g3 g6 4. Bg2 Bg7 5. d3 Rb8 6. Be3 b5 7. Qd2 b4 8. Nd1 d6 9. f4 e6 10. Nf3 Nd4 11. O-O Ne7 12. Nh4 Qa5 13. a3 O-O 14. Nf2 Qc7 15. axb4 cxb4 16. Rac1 f5 17. Nf3 Nec6 18. Nxd4 Nxd4 19. Qd1 Nb5 20. Rb1 a5 21. exf5 gxf5 22. Bf3 Bb7 23. Nh3 h6 24. Kg2 Rfc8 25. Rf2 Nd4 26. Bxd4 Bxd4 27. Re2 Re8 28. Ng1 Rbc8 29.
Bxb7 Qxb7+ 30. Nf3 Bg7 31. Re3 Qb6 32. Qe2 Rxc2 33.
Qxc2 Qxe3 34. Re1 Qb6 35. Qc4 d5 36. Qc2 Qb7 37. Rc1 d4 38. Qc6 Qxc6 39. Rxc6 Ra8 40. Rxe6 a4 41. Re2 a3 42. bxa3 bxa3 43. Ra2 Kf7 44. Nd2 Bf8 45. Nc4 Rb8 46. Kf3 Rb3 47.
Ke2 Bb4 48. h3 h5 49. Ne5+ Ke6 50. Nc4 Kd5 51. Nb6+ Kc5 52. Nc4 Kb5 53. Ra1 Rc3 54.
Ra2 Rc1 55. Kf3 Ka4 56. g4 hxg4+ 57. hxg4 fxg4+ 58. Kxg4 Kb3 59. Re2 a2 0-1

[Event "Early-Titled-Tuesday-Blitz-January-23-2024"]
[Site "Chess.com"]
[Date "2024.01.23"]
[Round "9"]
[White "RaugintaBulba"]
[Black "WiktoriaPOL"]
[Result "1-0"]
[WhiteElo "2441"]
[BlackElo "2247"]
[TimeControl "180+1"]
[EndTime "9:45:15 PST"]
[Termination "RaugintaBulba won on time"]

1. d4 Nf6 2. c4 g6 3. Nc3 Bg7 4. e4 d6 5. h3 O-O 6. Be3 e5 7. d5 Nh5 8. Be2 Nf4 9. Bf3 f5 10.
g3 fxe4 11. Nxe4 Qe7 12. Kf1 Bf5 13. Qd2 Nh5 14. Kg2 Nf6 15. Nxf6+ Qxf6 16. g4 e4 17. gxf5 exf3+ 18. Nxf3 Qxf5 19. Nd4 Qe4+ 20. Kg1 Bxd4 21. Qxd4 Qf3 22. Qg4 Qf7 23. h4 1-0